 Dungeon Crawl Stone Soup version 0.30-a0-374-g95c0257040 (webtiles) character file.

Game seed: 18187866337245126585

174 NinjaNoafa the Caller (level 5, -3/21 HPs)
             Began as a Felid Summoner on Nov 25, 2022.
             Slain by a mummy (19 damage)
             ... in an ossuary.
             The game lasted 00:10:09 (3451 turns).

NinjaNoafa the Caller (Felid Summoner)              Turns: 3451, Time: 00:10:11

Health: -3/21      AC:  1    Str:  4    XL:     5   Next: 28%
Magic:  7/11       EV: 17    Int: 18    God:
Gold:   152        SH:  0    Dex: 17    Spells: 8/11 levels left
                                        Lives:  0   Deaths: 1

rFire   . . .      SeeInvis +    (weapon unavailable)
rCold   . . .      Faith    .    (shield unavailable)
rNeg    . . .      Spirit   .    (body armour unavailable)
rPois   .          Reflect  .    (helmet unavailable)
rElec   .          Harm     .    (cloak unavailable)
rCorr   .          Rampage  .    (gloves unavailable)
Will    .....                    (boots unavailable)
Stlth   ++........               (no amulet)
HPRegen 0.23/turn                (no ring)
MPRegen 0.12/turn                (no ring)

@: quick
A: very small, claws 1, fangs 3, see invisible, speed 1, shaggy fur 1, stealthy
paws, no weapons or thrown items, no armour, multi-lived
a: no special abilities


You were in an ossuary.
You visited 1 branch of the dungeon, and saw 4 of its levels.
You also visited: Ossuary.

You collected 152 gold pieces.

Inventory:

Scrolls
 m - a scroll of vulnerability {unknown}
 o - a scroll of silence {unknown}
Potions
 a - a potion of flight {unknown}
 b - a potion of curing
 c - a potion of might
 f - a potion of degeneration {unknown}
 h - a potion of attraction {unknown}
 j - 2 potions of lignification {unknown}
 n - 3 potions of ambrosia {unknown}


   Skills:
 - Level 2.6 Dodging
 - Level 2.6 Stealth
 + Level 3.7 Spellcasting
 + Level 5.9 Summonings


You had 8 spell levels left.
You knew the following spells:

 Your Spells              Type           Power      Damage    Failure   Level
a - Summon Small Mammal   Summ           96%        N/A       1%          1
b - Call Imp              Summ           24%        N/A       1%          2

Your spell library contained the following spells:

 Spells                   Type           Power      Damage    Failure   Level
 Call Canine Familiar     Summ           24%        N/A       3%          3
 Summon Guardian Golem    Hex/Summ       14%        N/A       13%         3
 Freeze                   Ice            12%        1d3       16%         1
 Frozen Ramparts          Ice            6%         1d1       41%         3
 Hailstorm                Conj/Ice       3%         3d3       41%         3
 Summon Lightning Spire   Summ/Air       14%        N/A       41%         4


Dungeon Overview and Level Annotations

Branches:
Dungeon (4/15)            Ossuary (1/1)
 Temple: D:4-7

Altars:


Innate Abilities, Weirdness & Mutations

You have sharp claws.
You have razor-sharp teeth.
You have supernaturally acute eyesight. (SInv)
You cover ground quickly. (Speed+)
You are covered in fur. (AC +1)
Your paws help you pounce on unaware monsters.
You are incapable of wielding weapons or throwing items.
You cannot wear armour.
You gain extra lives every three experience levels.


Message History

The mummy hits your quokka!
Your quokka dies!
Your quokka's corpse disappears in a puff of smoke!
The mummy barely misses your quokka.
Your white imp hits the mummy but does no damage.
Casting: Summon Small Mammal (safe; 1% risk of failure)
Confirm with . or Enter, or press ? or * to list all spells.
Your quokka bites the mummy.
Your white imp hits the mummy.
Your white imp freezes the mummy.
The mummy resists.
Your quokka bites the mummy.
The mummy hits your quokka.
Your white imp gestures at the mummy.
The puff of frost hits the mummy.
The mummy resists.
The mummy is destroyed!
Your white imp disappears in a puff of smoke!
Your quokka barely misses the mummy.
Your quokka bites the mummy.
Your quokka barely misses the mummy.
Your quokka bites the mummy but does no damage.
The mummy hits your quokka!
Your quokka dies!
Your quokka's corpse disappears in a puff of smoke!
Casting: Summon Small Mammal (safe; 1% risk of failure)
Confirm with . or Enter, or press ? or * to list all spells.
A metallic apparition takes form in the air.
Your quokka bites the mummy.
Your quokka bites the mummy.
Your iron imp completely misses the mummy.
Your quokka disappears in a puff of smoke!
Your iron imp hits the mummy.
Your iron imp closely misses the mummy.
Your iron imp hits the mummy!
You scratch the mummy but do no damage.
The mummy is heavily damaged.
You closely miss the mummy. You bite the mummy, but do no damage.
The mummy is heavily damaged.
The mummy closely misses you.
Your iron imp hits the mummy!
The mummy is destroyed!
The mummy hits you!!
Ouch! That really hurt!
You die...

**,,**......#*,,**
**,,,,*#....#*,,,,**
**,,,,,,#....#,,,,,,**
*,,,,,,,#....#,,,,,,,*
*,,,,,,,#....#,,,,,,,*
*,,,,,,,#....#,,,,,,,*
**,,,,,,#5...#,,,,,,**
*,,,,,*#.M..#*,,,,,*
**,,,,*#@...#*,,,,**
*,,,**#.∩?.#**,,,*
***** ###### *****


You could see a mummy and a friendly iron imp (summoned).

Vanquished Creatures
  An orc wizard (D:4)
1 creature vanquished.

Vanquished Creatures (collateral kills)
  3 mummies (Ossuary)
  5 adders (D:3)
  4 gnolls (D:3)
  10 orcs
  5 ball pythons
  4 endoplasms
  6 giant cockroaches
  A gnoll zombie (Ossuary)
  5 goblins
  5 hobgoblins
  2 jackals (D:1)
  3 kobolds
  7 quokkas
  3 bats (D:1)
  A frilled lizard (D:1)
  4 hobgoblin zombies (Ossuary)
  A kobold zombie (Ossuary)
  4 rats
73 creatures vanquished.

Grand Total: 74 creatures vanquished

Notes
Turn   | Place    | Note
-------+----------+-------------------------------------------
     0 | D:1      | NinjaNoafa the Felid Summoner began the quest for the Orb.
     0 | D:1      | Reached XP level 1. HP: 7/7 MP: 4/4
   279 | D:1      | Reached XP level 2. HP: 11/11 MP: 3/6
  1029 | D:1      | Reached XP level 3. HP: 14/14 MP: 7/7
  1108 | D:1      | You fall into a shaft and drop 1 floor!
  1545 | D:2      | Identified the +4 short sword "Eruny" {vorpal, rN+}
  1626 | D:2      | Learned a level 2 spell: Call Imp
  2078 | D:3      | Reached skill level 5 in Summonings
  2166 | D:3      | Reached XP level 4. HP: 18/18 MP: 2/9
  2328 | D:3      | Mangled by a gnoll
  2329 | D:3      | Reached XP level 3. HP: -6/14 MP: 8/8
  2546 | D:3      | Reached XP level 4. HP: 18/18 MP: 4/9
  3292 | D:4      | Reached XP level 5. HP: 10/21 MP: 0/11
  3321 | D:4      | Found a sand-covered staircase.
  3399 | Ossuary  | Entered an ossuary
  3451 | Ossuary  | Slain by a mummy

Illustrated notes

Levels and vault maps discovered:
D:1:      elethiomel_arrival_shortcut, layout_loops_ring,
          minmay_worlds_worst_comb
D:2:      layout_rooms
D:3:      layout_rooms
D:4:      layout_layer_cave, minmay_temple_entry_water_ring, enter_ossuary_5
Ossuary:  ossuary_tomb_3

Skill      XL: |  1  2  3 |
---------------+----------+-----
Summonings     | 5 |  5.9
Spellcasting   | 3 |  3.7
Dodging        | |  2.6
Stealth        | |  2.6

Action                   |  1- 3 |  4- 6 || total
-------------------------+-------+-------++-------
Melee: Unarmed           |     5 |    13 ||    18
       Bite              |     1 |     2 ||     3
 Cast: Summon Small Mamm |    96 |    46 ||   142
       Call Imp          |     8 |    19 ||    27
  Use: Potion            |       |     4 ||     4
       Scroll            |       |     5 ||     5
Armor: Skin              |     1 |     3 ||     4
Dodge: Dodged            |    39 |    64 ||   103

Table legend: (Time is in decaauts)
 A = Elapsed time spent in this place.
 B = Non-inter-level travel time spent in this place.
 C = Inter-level travel time spent in this place.
 D = Time resting spent in this place.
 E = Time spent auto-exploring this place.
 F = Levels seen in this place.
 G = Mean time per level.
                   A        B        C        D        E       F      G
               +--------+--------+--------+--------+--------+-----+--------+
         Total |   3066 |   2872 |    194 |     74 |   1712 |   5 |  613.2 |
       Dungeon |   3018 |   2824 |    194 |     74 |   1712 |   4 |  754.5 |
       Ossuary |     48 |     48 |      0 |      0 |      0 |   1 |   48.0 |
               +--------+--------+--------+--------+--------+-----+--------+

Top non-repeatable levels by time:
     D:1: 1280 daAuts
     D:3: 835 daAuts
     D:2: 545 daAuts
     D:4: 357 daAuts
 Ossuary: 48 daAuts
